 Dungeon Crawl Stone Soup version 0.27-a0-1196-g3e9cee4cb2 (console) character file.

Game seed: 10183074893933057713

91688 Hector the Thaumaturge (level 16, -6/114 HPs)
             Began as a Djinni Abyssal Knight on May 27, 2021.
             Was the Champion of Lugonu.
             Mangled by a bunyip (17 damage)
             ... on level 2 of the Swamp on May 28, 2021.
             The game lasted 04:25:32 (39156 turns).

Hector the Thaumaturge (Djinni Abyssal Knight)     Turns: 39156, Time: 04:25:32

Health: -6/114     AC: 11    Str: 11    XL:     16   Next: 51%
Gold:   3188       EV: 29    Int: 32    God:    Lugonu [******] SH: 12 Dex: 14

rFire    + + .     SeeInvis .   a - +7 scimitar (distort)
rCold    x . .     Faith    .   i - +2 kite shield {reflect}
rNeg     + . .     Spirit   .   d - +0 troll leather armour
rPois    ∞         Reflect  +   h - +1 hat {Will+}
rElec    .         Harm     .   e - +2 cloak {Stlth+}
rCorr    .         Rampage  .   g - +1 pair of gloves
Will     ++...                  (boots unavailable)
Stlth    ++........             p - amulet of the acrobat
HPRegen  1.29/turn              Z - +6 ring of intelligence
MPRegen  0.00/turn              I - ring of Modesty {rN+ Int+6}

@: acrobatic, flying
A: sickness immunity, fire resistance 2, cold vulnerability 1, float, innate
caster, hp casting, extra vitality 1
a: Renounce Religion, Depart the Abyss, Bend Space, Banish, Corrupt, Enter the
Abyss


You were on level 2 of the Swamp.
You worshipped Lugonu.
Lugonu was exalted by your worship.
You visited 4 branches of the dungeon, and saw 25 of its levels.
You visited the Abyss 1 time.

You collected 3188 gold pieces.

Inventory:

Hand Weapons
 a - a +7 scimitar of distortion (weapon)
 b - the +6 rapier of Ewanonan {flame, rPois rC+ Int-3}
   (You took it off a kobold demonologist on level 15 of the Dungeon)

   It has been specially enchanted to burn those struck by it, causing extra
   injury to most foes and up to half again as much damage against particularly
   susceptible opponents.
   It affects your intelligence (-3).
   It protects you from cold.
   It protects you from poison.
 n - a +2 long sword of holy wrath
 y - the +12 hunting sling "Tov Biso" {venom, rC- Str+5}
   (You found it on level 5 of the Dungeon)

   It poisons the ammo it fires.
   It affects your strength (+5).
   It makes you vulnerable to cold.
 R - a +4 falchion of freezing
 V - a +3 scimitar of flaming
Missiles
 j - 6 throwing nets
 k - 3 curare-tipped darts
 o - 17 boomerangs
 s - 13 boomerangs of dispersal
 v - 209 sling bullets
 L - 102 poisoned darts (quivered)
Armour
 d - a +0 troll leather armour (worn)
 e - a +2 cloak of stealth (worn)
 g - a +1 pair of gloves (worn)
 h - a +1 hat of willpower (worn)
 i - a +2 kite shield of reflection (worn)
Magical Staves
 W - a staff of air
Jewellery
 c - a ring of protection from fire
 p - an amulet of the acrobat (around neck)
 F - the ring "Ocelew" {rF+ AC+4}
   (You took it off a skeletal warrior on level 15 of the Dungeon)

   [ring of protection]

   It affects your AC (+4).
   It protects you from fire.
 I - the ring of Modesty (right hand) {rN+ Int+6}
   (You took it off an efreet on level 15 of the Dungeon)

   [ring of intelligence]

   It affects your intelligence (+6).
   It protects you from negative energy.
 S - a ring of see invisible
 Z - a +6 ring of intelligence (left hand)
Wands
 M - a wand of digging (5)
 T - a wand of iceblast (18)
 U - a wand of mindburst (38)
 X - a wand of flame (36)
Scrolls
 m - a scroll of magic mapping
 r - 9 scrolls of identify
 x - a scroll of fear
 D - a scroll of blinking
 G - 3 scrolls of holy word
 J - 5 scrolls of teleportation
 Q - 2 scrolls of summoning
Potions
 f - 5 potions of cancellation
 l - 7 potions of lignification
 q - 7 potions of curing
 u - a potion of haste
 z - 6 potions of might
 C - 5 potions of brilliance
 K - 2 potions of berserk rage
 P - 2 potions of resistance
Miscellaneous
 O - a tin of tremorstones (2/2)
 Y - a lightning rod (4/4)


   Skills:
 * Level 10.4 Fighting
 - Level 0.5(5.5) Short Blades
 * Level 8.8 Long Blades
 - Level 4.0 Armour
 + Level 9.7 Dodging
 * Level 8.4 Shields
 + Level 14.2 Spellcasting
 * Level 10.7 Invocations


You had 19 spell levels left.
You knew the following spells:

 Your Spells              Type           Power      Damage    Failure   Level
a - Sting                 Tmut/Pois      100%       1d8       0%          1
b - Lightning Bolt        Conj/Air       42%        1d62      1%          5
c - Mephitic Cloud        Conj/Pois/Air  85%        N/A       1%          3
g - Summon Guardian Gole  Hex/Summ       85%        N/A       1%          3
i - Call Imp              Summ           85%        N/A       1%          2
l - Summon Lightning Spi  Summ/Air       85%        N/A       1%          4
s - Shadow Creatures      Summ           N/A        N/A       2%          6
Your spell library was empty.

Dungeon Overview and Level Annotations

Branches:
Dungeon (15/15)            Temple (0/1) D:6            Lair (6/6) D:10
  Swamp (2/4) Lair:4        Snake (0/4) Lair:3        Slime (0/5) Lair:6
    Orc (2/2) D:11            Elf (0/3) Orc:2        Vaults (0/5) D:14
 Depths (0/5) D:15

Altars:
Cheibriados
Elyvilon
Fedhas
Hepliaklqana
Kikubaaqudgha
Okawaru
Qazlal
Ru
Trog
Wu Jian
Jiyva

Shops:
D:12 *((**   Orc:2 [*[:!

Annotations:
D:9 exclusion: ice statue
D:14 corrupted
D:15 2 transporters
Lair:1 1 runed translucent door
Lair:6 corrupted
Swamp:2 corrupted
Orc:2 corrupted


Innate Abilities, Weirdness & Mutations

You are immune to sickness and miasma.
You are immune to poison.
Your flesh is very heat resistant. (rF++)
You are vulnerable to cold. (rC-)
You float through the air rather than walking.
You learn spells naturally, not from books.
Your magical power is your life essence.
You have superior vitality. (+4 HP)


Message History

Lugonu accepts your kill.
Unknown command.
Lugonu's Hand of Corruption reaches out!
You block the ghoul's attack. The ghoul claws you!
* * * LOW HITPOINT WARNING * * *
Found a stone staircase leading down.
Unknown command.
A bunyip comes into view.
You block the thrashing horror's attack. x2
Your spriggan rider hits the small abomination with a +0 spear!!
The yellow draconian annihilator throws acid at the ghoul.
The glob of acid hits the ghoul!
The ghoul is splashed with acid!
The acid splashes onto you!
You are splashed with acid!
* * * LOW HITPOINT WARNING * * *
The white imp misses your spriggan rider.
Found a potion of magic.
The small abomination hits your spriggan rider!
The large abomination hits the spriggan druid!!
With its final breath, the spriggan druid offers up its power to the beasts of the wild!
The spriggan druid dies!
Your spriggan rider hits the white imp with a +0 spear!!
The white imp dies!
The thrashing horror tramples the ghoul.
The ghoul holds its ground!
The thrashing horror tramples the ghoul but does no damage.
Your spriggan seems less confused.
Your spriggan dissolves into shadows!
The hellion hits the ghoul but does no damage.
The ghoul resists with almost no effort.
Unknown command.
Press: ? - help, Shift-Dir - straight line, f - ghoul
Aim: a ghoul (lightly damaged, chance to affect: 41%)
The ghoul resists with some effort.
The thrashing horror tramples the ghoul.
The ghoul stumbles backwards!
The ghoul barely misses you. You block the ghoul's attack.
The golden eye blinks!
The thrashing horror barely misses the ghoul.
The thrashing horror tramples the ghoul!
The ghoul stumbles backwards!
The bunyip claws you!
You die...

#....≈G.....
♣##....#..§. .
♣...#53.....4.
♣#...#ux.#4..#..
♣..b..#qX.......
.♣♣#≈..2X.#......#♣♣
.≈!...n...5x#....)≈
≈....#..x.()......♣
≈♣♣.≈≈@..#....L.#♣♣ ≈
♣♣...≈#X.###i...♣≈..≈
♣..≈........<#≈.≈...
♣.≈...≈§≈.≈i.i.≈♣♣♣♣
.♣♣♣ ♣≈.
♣.....≈.♣...♣♣8.♣
≈.≈♣♣♣.. ♣♣.≈≈≈.♣♣♣≈♣
≈≈♣ ≈≈≈≈♣.≈ ♣≈≈≈..♣
♣♣ ♣♣ ≈.≈≈≈. ♣....♣♣
≈≈≈.≈


You could see a ghoul, a bunyip (strong), a neutral green very ugly thing
(summoned), a neutral yellow draconian annihilator (summoned), a neutral
thrashing horror (summoned), a neutral large abomination (summoned), a neutral
hellion (summoned), a neutral chaos spawn (summoned), 2 neutral small
abominations, a neutral fire bat (summoned) and 2 neutral ufetubi.

Vanquished Creatures
  A very ugly thing (D:15)
  2 yaktaur captains
  A boulder beetle (D:10)
  2 hydras
  Harold (D:11)
  A catoblepas (D:14)
  A two-headed ogre (D:12)
  3 alligators
  4 death yaks (Lair:6)
  3 centaur warriors
  A deep troll shaman (D:15)
  2 orc high priests (Orc:2)
  Nergalle (D:11)
  A skeletal warrior (D:13)
  A spriggan druid (Swamp:1)
  2 wizards
  A bog body (Lair:4)
  2 deep elf pyromancers (D:15)
  2 manticores
  2 harpies (D:14)
  An orb spider (shapeshifter) (D:15)
  2 ugly things
  3 orc sorcerers (Orc:2)
  2 salamanders (D:15)
  A will-o-the-wisp (Swamp:1)
  2 elephants (Lair:1)
  3 black mambas
  A gargoyle (D:12)
  A torpor snail (Lair:1)
  A kobold demonologist (D:15)
  3 unseen horrors
  A rime drake (Lair:4)
  5 cane toads
  3 yaktaurs
  2 meliai (D:15)
  A polar bear (Lair:3)
  Prince Ribbit (D:6)
  A tyrant leech (Lair:6)
  8 blink frogs
  2 dream sheep
  Grinder (D:6)
  6 slime creatures
  A centaur simulacrum (D:14)
  18 yaks
  A wraith (D:13)
  A vampire (D:12)
  A basilisk (D:14)
  A fire elemental (D:15)
  7 vampire mosquitoes
  A steam dragon (D:7)
  A swamp worm (Swamp:1)
  2 acid dragons
  3 water moccasins
  14 orc warriors
  A swamp drake (Swamp:1)
  2 black bears
  3 ogres
  6 centaurs
  6 wolves
  14 bullfrogs
  A scorpion (D:4)
  Dowan (D:7)
  A water moccasin skeleton (D:5)
  A killer bee (D:10)
  5 electric eels
  A wight (D:6)
  3 howler monkeys
  A bullfrog zombie (D:6)
  3 centaur zombies
  5 orc priests
  Crazy Yiuf (D:2)
  A centaur skeleton (D:7)
  4 hounds
  Jessica (D:2)
  A hell rat (Lair:6)
  Terence (D:3)
  Natasha (thrice) (D:2)
  3 iguanas
  14 orc wizards
  A killer bee zombie (D:7)
  A human simulacrum (D:11)
  10 gnolls
  9 adders
  A shadow imp (D:4)
  2 ufetubi
  An adder skeleton (D:4)
  3 dart slugs
  50 orcs
  6 ball pythons
  6 bats
  6 endoplasms
  5 giant cockroaches
  3 goblins
  3 hobgoblins
  8 jackals
  A quokka (D:1)
  4 frilled lizards
  9 kobolds
  3 rats
351 creatures vanquished.

Vanquished Creatures (collateral kills)
  Gastronok (Lair:3)
  A frost giant (D:15)
  Azrael (D:15)
  3 bunyips (Swamp:1)
  A fire dragon (D:15)
  3 great orbs of eyes (D:15)
  A boulder beetle (D:15)
  2 vault guards (D:15)
  A salamander tyrant (D:15)
  9 hydras
  4 centaur warriors (D:15)
  A two-headed ogre (D:12)
  A death knight (D:15)
  3 alligators (Swamp:1)
  An orc high priest (Orc:2)
  2 deep troll shamans (D:15)
  Sonja (Lair:1)
  3 skeletal warriors
  5 bog bodies
  A glowing orange brain (D:15)
  A spriggan druid (Swamp:1)
  2 swamp dragons
  A harpy (D:14)
  A deep elf pyromancer (D:15)
  4 orc knights
  A wolf spider (D:15)
  An oklob plant (D:10)
  2 ugly things
  A will-o-the-wisp (Swamp:1)
  An orc sorcerer (Orc:2)
  A manticore (D:12)
  6 cyclopes
  Maurice (D:10)
  10 elephants
  A salamander (D:15)
  2 black mambas
  A gargoyle (D:11)
  Maggie (Lair:1)
  8 komodo dragons
  7 cane toads
  A rime drake (Lair:2)
  A yaktaur (D:14)
  An unseen horror (shapeshifter) (D:15)
  2 efreet (D:15)
  3 kobold demonologists
  3 trolls
  2 polar bears
  3 tyrant leeches (Swamp:1)
  5 slime creatures
  A nameless horror (D:15)
  2 hornets (Swamp:1)
  9 blink frogs
  9 dream sheep
  4 spriggans
  2 wyverns
  A fire elemental (D:15)
  6 basilisks
  2 wraiths
  3 vampire mosquitoes (Lair:6)
  17 yaks
  A warg (Orc:1)
  3 swamp worms
  A naga (Lair:3)
  Duvessa (D:7)
  5 water moccasins
  A hell hound (D:15)
  A black bear (D:6)
  An ice beast (D:14)
  3 ogres
  5 orc warriors
  12 wolves
  3 centaurs
  2 lemures (D:6)
  8 kobold brigands
  8 bullfrogs
  2 gnoll sergeants
  9 wights
  2 killer bees (D:10)
  2 howler monkeys
  4 centaur skeletons
  3 orc priests (Orc:2)
  A bullfrog skeleton (D:6)
  10 orc wizards
  6 hell rats (Lair:5)
  An adder (D:5)
  7 gnolls
  A shadow imp (D:5)
  4 white imps
  An ufetubus (D:14)
  An adder skeleton (D:5)
  11 orcs
  6 kobolds
301 creatures vanquished.

Vanquished Creatures (others)
  Saint Roka (Orc:2)
  A boulder beetle (D:14)
  2 vault guards (D:15)
  2 hydras
  2 two-headed ogres
  2 centaur warriors
  A death yak (Lair:6)
  Urug (Lair:6)
  A shadow wraith (D:15)
  A spriggan druid (Swamp:2)
  A glowing orange brain (D:15)
  A wizard (D:15)
  2 orc knights (Orc:2)
  2 cyclopes
  2 orc sorcerers (Orc:2)
  A manticore (D:14)
  5 ugly things
  Joseph (D:7)
  11 cane toads (Lair:6)
  2 black mambas
  2 torpor snails (Lair:6)
  A kobold demonologist (D:9)
  2 komodo dragons
  A freezing wraith (D:15)
  2 polar bears
  2 trolls (Orc:2)
  3 tyrant leeches
  A bloated husk (Swamp:1)
  A hornet (shapeshifter) (D:14)
  2 dream sheep (Lair:6)
  6 blink frogs (Lair:6)
  4 slime creatures
  2 wyverns
  11 yaks
  3 basilisks
  2 vampire mosquitoes
  2 water moccasins (Lair:6)
  An ice beast (D:14)
  9 orc warriors (Orc:2)
  An ogre (Orc:2)
  A centaur (Lair:2)
  9 wolves
  A kobold brigand (D:7)
  8 bullfrogs
  6 wights (D:7)
  2 electric eels (Lair:6)
  A jelly (D:7)
  6 orc priests
  6 orc wizards
  4 hell rats
  A human simulacrum (D:11)
  A gnoll (D:8)
  14 white imps (D:14)
  21 orcs
  8 foxfires (Swamp:1)
  44 fungi
  124 plants
  12 starspawn tentacles
  7 toadstools (Lair:1)
  A withered plant (D:14)
377 creatures vanquished.

Grand Total: 1029 creatures vanquished

Notes
Turn   | Place    | Note
-------+----------+-------------------------------------------
     0 | Abyss:1  | Hector the Djinni Abyssal Knight began the quest for the
                  | Orb.
     0 | Abyss:1  | Reached XP level 1. HP: 20/20 MP: 0/0
    14 | D:1      | Escaped the Abyss
   270 | D:1      | Reached XP level 2. HP: 24/25 MP: 0/0
   839 | D:2      | Reached XP level 3. HP: 28/30 MP: 0/0
   839 | D:2      | Learned a level 1 spell: Sting
  1244 | D:2      | Reached ** piety under Lugonu
  1325 | D:2      | Noticed Jessica
  1455 | D:2      | Killed Jessica
  1456 | D:2      | Reached skill level 1 in Spellcasting
  1456 | D:2      | Reached XP level 4. HP: 31/36 MP: 0/0
  1504 | D:2      | Noticed Natasha
  1510 | D:2      | Killed Natasha
  1909 | D:2      | Reached XP level 5. HP: 40/41 MP: 0/0
  1909 | D:2      | Learned a level 2 spell: Call Imp
  2119 | D:2      | Noticed Natasha
  2130 | D:2      | Killed Natasha
  2131 | D:2      | Reached skill level 2 in Spellcasting
  2401 | D:2      | Found a runed translucent door.
  2402 | D:2      | Noticed Crazy Yiuf
  2650 | D:2      | Noticed Natasha
  2678 | D:2      | Killed Natasha
  3529 | D:3      | Noticed Terence
  3547 | D:3      | Killed Terence
  3548 | D:3      | Reached XP level 6. HP: 22/47 MP: 0/0
  3808 | D:3      | Found a faded altar of an unknown god.
  4650 | D:4      | Reached skill level 3 in Spellcasting
  5180 | D:4      | Noticed a black bear
  5193 | D:4      | Killed a black bear
  5194 | D:4      | Reached XP level 7. HP: 35/51 MP: 0/0
  5194 | D:4      | Learned a level 3 spell: Mephitic Cloud
  5480 | D:4      | Reached skill level 4 in Spellcasting
  5675 | D:4      | Reached *** piety under Lugonu
  5928 | D:4      | Found a snail-covered altar of Cheibriados.
  5928 | D:4      | Found a white marble altar of Elyvilon.
  6170 | D:5      | Entered Level 5 of the Dungeon
  6878 | D:5      | Reached XP level 8. HP: 45/58 MP: 0/0
  7022 | D:5      | Reached skill level 5 in Spellcasting
  7279 | D:6      | Found a stormy altar of Qazlal.
  7284 | D:6      | Found an ornate altar of the Wu Jian Council.
  8302 | D:5      | Reached skill level 6 in Spellcasting
  8589 | D:5      | Identified the +12 hunting sling "Tov Biso" {venom, rC-
                  | Str+5}
  8773 | D:6      | Found a staircase to the Ecumenical Temple.
  8812 | D:6      | Noticed Grinder
  9254 | D:6      | Noticed Prince Ribbit
  9324 | D:6      | Killed Grinder
  9583 | D:6      | Reached XP level 9. HP: 50/62 MP: 0/0
  9583 | D:6      | Learned a level 3 spell: Summon Guardian Golem
  9830 | D:6      | Killed Prince Ribbit
  9831 | D:6      | Reached skill level 7 in Spellcasting
 10392 | D:7      | Noticed Duvessa
 10402 | D:7      | Noticed Dowan
 10405 | D:7      | Killed Duvessa
 10671 | D:7      | Killed Dowan
 10795 | D:7      | Reached **** piety under Lugonu
 10810 | D:7      | Reached skill level 8 in Spellcasting
 11149 | D:7      | Noticed Joseph
 11175 | D:7      | Killed Joseph
 11246 | D:7      | Reached XP level 10. HP: 36/69 MP: 0/0
 11760 | D:7      | Reached skill level 5 in Invocations
 12672 | D:8      | Reached skill level 5 in Fighting
 12996 | D:8      | Reached skill level 9 in Spellcasting
 13120 | D:8      | Noticed a wizard
 13129 | D:8      | Killed a wizard
 13130 | D:8      | Noticed a two-headed ogre
 13161 | D:8      | Killed a two-headed ogre
 13809 | D:8      | Reached ***** piety under Lugonu
 14055 | D:8      | Found a faded altar of an unknown god.
 14056 | D:8      | Found a hazy altar of Hepliaklqana.
 14340 | D:9      | Noticed a two-headed ogre
 14342 | D:9      | Noticed a kobold demonologist
 14529 | D:9      | Noticed a kobold demonologist
 14531 | D:9      | Noticed a smoke demon
 14951 | D:9      | Killed a kobold demonologist
 14956 | D:9      | Reached XP level 11. HP: 37/76 MP: 0/0
 14956 | D:9      | Learned a level 4 spell: Summon Lightning Spire
 15340 | D:9      | Killed a two-headed ogre
 15341 | D:9      | Reached skill level 10 in Spellcasting
 15867 | D:10     | Entered Level 10 of the Dungeon
 16103 | D:10     | Reached skill level 5 in Dodging
 16111 | D:10     | Reached skill level 1 in Shields
 16500 | D:10     | Found a staircase to the Lair.
 16514 | D:10     | Noticed an oklob plant
 16543 | D:10     | Killed an oklob plant
 16826 | D:10     | Noticed a boulder beetle
 16852 | D:10     | Killed a boulder beetle
 16898 | D:10     | Noticed Maurice
 17265 | D:10     | Found a bloodstained altar of Trog.
 17333 | D:10     | Killed Maurice
 17541 | Lair:1   | Entered Level 1 of the Lair of Beasts
 17585 | Lair:1   | Noticed Sonja
 17595 | Lair:1   | Killed Sonja
 17893 | Lair:1   | Noticed an elephant
 17896 | Lair:1   | Noticed an elephant
 17906 | Lair:1   | Noticed an elephant
 17908 | Lair:1   | Noticed an elephant
 17909 | Lair:1   | Noticed an elephant
 17909 | Lair:1   | Killed an elephant
 17917 | Lair:1   | Noticed an elephant
 17928 | Lair:1   | Killed an elephant
 17966 | Lair:1   | Killed an elephant
 17967 | Lair:1   | Killed an elephant
 17969 | Lair:1   | Killed an elephant
 18206 | Lair:1   | Killed an elephant
 18215 | Lair:1   | Reached XP level 12. HP: 72/84 MP: 0/0
 18248 | Lair:1   | Reached skill level 11 in Spellcasting
 18401 | Lair:1   | Noticed Maggie
 18411 | Lair:1   | Killed Maggie
 18419 | Lair:1   | Noticed an eight-headed hydra
 18428 | Lair:1   | Killed a seven-headed hydra
 18596 | Lair:1   | Noticed an eight-headed hydra
 18610 | Lair:1   | Killed an eight-headed hydra
 18614 | Lair:1   | Noticed a seven-headed hydra
 18645 | Lair:1   | Killed a seven-headed hydra
 19095 | Lair:1   | Found a runed translucent door.
 19120 | Lair:1   | Noticed a catoblepas
 19358 | Lair:2   | Noticed a five-headed hydra
 19404 | Lair:2   | Killed a five-headed hydra
 20362 | Lair:2   | Reached ****** piety under Lugonu
 21351 | Lair:3   | Noticed an eight-headed hydra
 21362 | Lair:3   | Killed an eight-headed hydra
 21535 | Lair:3   | You are sucked into a shaft and drop 3 floors!
 21535 | Lair:6   | Entered Level 6 of the Lair of Beasts
 21542 | Lair:6   | Noticed Urug
 21545 | Lair:6   | Identified a +7 scimitar of distortion (a +5 scimitar
                  | corrupted by Lugonu)
 21545 | Lair:6   | Received a gift from Lugonu
 21545 | Lair:6   | Found a viscous altar of Jiyva.
 21545 | Lair:6   | Found a staircase to the Slime Pits.
 21608 | Lair:6   | Corrupted Lair:6
 21608 | Lair:6   | Noticed a thrashing horror
 21608 | Lair:6   | Noticed a rakshasa
 21608 | Lair:6   | Noticed a thrashing horror
 21608 | Lair:6   | Noticed a tentacled starspawn
 21608 | Lair:6   | Noticed a green very ugly thing
 21608 | Lair:6   | Noticed a large abomination
 21608 | Lair:6   | Noticed a large abomination
 21609 | Lair:6   | Noticed a sixfirhy
 21611 | Lair:6   | Reached XP level 13. HP: 30/92 MP: 0/0
 21611 | Lair:6   | Learned a level 5 spell: Lightning Bolt
 21631 | Lair:6   | Killed Urug
 22104 | Lair:6   | Reached skill level 12 in Spellcasting
 23339 | Lair:3   | Found a staircase to the Snake Pit.
 23402 | Lair:3   | Reached skill level 5 in Long Blades
 23488 | Lair:3   | Noticed Gastronok
 23724 | Lair:3   | Killed Gastronok
 23888 | Lair:3   | Noticed a six-headed hydra
 23892 | Lair:3   | Killed a six-headed hydra
 25024 | Lair:4   | Reached skill level 5 in Shields
 25243 | Lair:4   | Found a staircase to the Swamp.
 26574 | Lair:6   | Noticed an eight-headed hydra
 26985 | Lair:6   | Identified the +6 great sword "Killer Klown's Bane"
                  | {freeze, +Rage rPois Stlth+}
 26987 | Lair:6   | Identified the Guide on Creative Moulding
 27013 | Lair:6   | Reached XP level 14. HP: 92/99 MP: 0/0
 28554 | D:2      | Killed Crazy Yiuf
 29566 | D:11     | Noticed Harold
 29568 | D:11     | Noticed Nergalle
 29577 | D:11     | Killed Nergalle
 29580 | D:11     | Killed Harold
 29581 | D:11     | Reached skill level 13 in Spellcasting
 30168 | D:11     | Found a staircase to the Orcish Mines.
 30696 | D:12     | Found Butelas's General Store.
 31080 | D:12     | Found Kakatep's Assorted Antiques.
 31709 | D:12     | Found Qoang's Weapon Boutique.
 31725 | D:12     | Found Sihuh's Weapon Boutique.
 31840 | D:12     | Found Liteto's Assorted Antiques.
 32279 | D:13     | Identified the +5 war axe "Beetlebane" {drain, rN+++ Str-3
                  | Int+3}
 33176 | Orc:1    | Entered Level 1 of the Orcish Mines
 33267 | Orc:1    | Found an iron altar of Okawaru.
 33592 | Orc:2    | Entered Level 2 of the Orcish Mines
 33793 | Orc:2    | Noticed Saint Roka
 33794 | Orc:2    | Corrupted Orc:2
 33794 | Orc:2    | Noticed a Hell Sentinel
 33794 | Orc:2    | Noticed a tentacled starspawn
 33855 | Orc:2    | Killed Saint Roka
 34227 | Orc:2    | Found a staircase to the Elven Halls.
 34364 | Orc:2    | Found Geff's Armour Shoppe.
 34635 | Orc:2    | Reached XP level 15. HP: 79/106 MP: 0/0
 34635 | Orc:2    | Learned a level 6 spell: Shadow Creatures
 34911 | Orc:2    | Found Heum's Armour Emporium.
 34911 | Orc:2    | Found Lakhlubi's Assorted Antiques.
 34912 | Orc:2    | Found Taukadoa's Distillery.
 34912 | Orc:2    | Found Aseshrisi's Book Boutique.
 35430 | D:14     | Found a gate to the Vaults.
 35488 | D:14     | Corrupted D:14
 35491 | D:14     | Noticed a bone dragon
 35507 | D:14     | Noticed an Executioner
 36217 | D:15     | Entered Level 15 of the Dungeon
 36456 | D:15     | Reached skill level 10 in Invocations
 36492 | D:15     | Identified the ring "Ocelew" {rF+ AC+4}
 36497 | D:15     | Noticed Azrael
 36508 | D:15     | Killed Azrael
 36563 | D:15     | Found a transporter.
 36719 | D:15     | Identified the ring of Modesty {rN+ Int+6}
 36725 | D:15     | Noticed a red very ugly thing
 36736 | D:15     | Killed a red very ugly thing
 36805 | D:15     | Identified the ring of Twilight {Fly rF+ Will+ Str+4 Int-4}
 36815 | D:15     | Noticed a red very ugly thing
 37002 | D:15     | Found a sacrificial altar of Ru.
 37262 | D:15     | Found a hazy altar of Hepliaklqana.
 37327 | D:15     | Reached skill level 10 in Fighting
 37335 | D:15     | Reached XP level 16. HP: 60/113 MP: 0/0
 37448 | D:15     | Reached skill level 14 in Spellcasting
 37450 | D:15     | Identified the +6 rapier of Ewanonan {flame, rPois rC+
                  | Int-3}
 37630 | D:15     | Found a staircase to the Depths.
 37730 | D:15     | Found a blossoming altar of Fedhas.
 37775 | D:15     | Noticed a frost giant
 37784 | D:15     | HP: 4/113 [frost giant/+1 battleaxe of freezing (17)]
 37791 | D:15     | Killed a frost giant
 37943 | D:15     | Identified the ring of Nugrinom {rF- Will+ Int+6}
 37971 | D:15     | Found a transporter.
 38288 | Swamp:1  | Entered Level 1 of the Swamp
 39151 | Swamp:2  | Corrupted Swamp:2
 39152 | Swamp:2  | Noticed a revenant
 39156 | Swamp:2  | Mangled by a bunyip

Illustrated notes

Levels and vault maps discovered:
D:1:      dpeg_arrival_arbitrary_a, layout_basic, minmay_quantized
D:2:      layout_loops_cross, uniq_crazy_yiuf_cottage, uniq_jessica,
          uniq_natasha
D:3:      layout_loops_corners, ebering_ecumenical_altar_ruins, uniq_terence
D:4:      layout_cave_pods, gammafunk_temple_overflow_statue,
          serial_co_window_serial, co_window_cross_1,
          co_window_of_opportunity_a, co_window_cross_1, co_window_paths_b,
          co_window_paths_a, co_window_corner_a, co_window_corner_a,
          co_window_broadway_a, co_window_of_opportunity_c,
          co_window_broadway_b, co_window_of_opportunity_c
D:5:      layout_gridville
D:6:      layout_loops_cross, grunt_temple_overflow_diamond,
          minmay_temple_entry_trees, portal_sewer_entry_b,
          amcnicky_mini_rare_corridor_liquid, grunt_tough_drop, uniq_pikel,
          uniq_grinder, uniq_prince_ribbit1
D:7:      layout_loops_ring, moated_statue, chequers_serial_rivers_room_a,
          uniq_joseph, uniq_duvessa
D:8:      cheibrodos_wizards_tower, layout_loops_ring,
          beargit_hepliaklqana_dungeon_heroes
D:9:      lemuel_ice_statue, layout_basic, minmay_misc_feat_tiny
D:10:     layout_roguey, nicolae_overflow_hidden_temple, dpeg_oklobed_lair,
          item_on_display_a, uniq_maurice
D:11:     layout_grid_maze, orc_0_dummy, hangedman_abyss_or_decor_stabs,
          minmay_misc_feat_pillars, bh_circular_ruins, uniq_harold,
          uniq_nergalle
D:12:     layout_irregular_city, serial_shops, nicolae_shop_stone,
          kennysheep_little_box, nicolae_shop_waterfront, shop, kennysheep_mini
D:13:     layout_loops_ring
D:14:     layout_basic, david_vaults_2, serial_ice, serial_ice_l, serial_ice_c,
          serial_ice_a, serial_ice_m, serial_ice_o, serial_ice_e,
          portal_ice_cave_entry_imps, argonaut_gorgonesque
D:15:     hangedman_spin_cycle
Lair:1:   gammafunk_lair_enchanted_lake, layout_regular_city,
          infiniplex_staircase_pool, lemuel_fruit_fields, uniq_maggie,
          uniq_sonja
Lair:2:   layout_regular_city, forest_entry_grove, serial_bayou_shore_b,
          serial_bayou_shore_a
Lair:3:   layout_chaotic_city, guppyfry_snake_entry_island, uniq_gastronok
Lair:4:   layout_cave_pods, skrybe_swamp_entry_bodies, serial_bayou,
          serial_bayou_shore_b, serial_bayou_lagoon_a, serial_bayou_pond_c,
          serial_bayou_crossing
Lair:5:   layout_misc_corridors, beast_lair_carwin_10
Lair:6:   minmay_lair_end_frog_pond, layout_hall_layers, slime_altar_1,
          lemuel_fruit_tree, uniq_urug
Swamp:1:  layout_falls_marsh, nicolae_swamp_little_tower, lightli_tree_ring
Swamp:2:  layout_basic_swamp, nicolae_swamp_round_clearing, swamp_pool1
Orc:1:    layout_caves, okawaru_metal_pillars_1_2
Orc:2:    st_orc_elflike, layout_caves, serial_shops, shop, uniq_saint_roka

Skill      XL: |  1  2  3  4  5  6  7  8  9 10 11 12 13 14 15 16 |
---------------+-------------------------------------------------+-----
Long Blades    | 2 3 5 7 8 |  8.8
Invocations    | 2 3 4 6 7 8 9 10 | 10.7
Spellcasting   | 1 2 3 4 6 8 9 10 11 12 13 14 | 14.2
Fighting       | 4 5 6 7 8 9 10 | 10.4
Dodging        | 4 5 7 8 9 |  9.7
Shields        | 2 4 5 6 7 8 |  8.4
Armour         | 3 4 |  4.0
Short Blades   | |  0.5

Action                   |  1- 3 |  4- 6 |  7- 9 | 10-12 | 13-15 | 16-18 || total
-------------------------+-------+-------+-------+-------+-------+-------++-------
Melee: Falchion          |    38 |    18 |     3 |     4 |       |       ||    63
       Dagger            |       |       |   116 |   144 |       |       ||   260
       Scimitar          |       |       |       |    33 |   272 |    38 ||   343
       Rapier            |       |       |       |       |       |    10 ||    10
Throw: Dart              |       |       |     1 |     7 |       |       ||     8
 Cast: Sting             |    24 |   106 |   127 |   183 |    80 |     4 ||   524
       Call Imp          |       |     6 |    90 |    99 |    49 |     3 ||   247
       Mephitic Cloud    |       |       |    15 |    56 |    63 |    17 ||   151
       Summon Guardian G |       |       |    18 |    64 |    94 |    20 ||   196
       Summon Lightning  |       |       |       |    57 |   138 |    20 ||   215
       Lightning Bolt    |       |       |       |       |   100 |    13 ||   113
       Shadow Creatures  |       |       |       |       |    29 |    23 ||    52
Invok: Bend Space        |       |       |       |     1 |     4 |     1 ||     6
       Corrupt           |       |       |       |     1 |     2 |     1 ||     4
       Brand Weapon With |       |       |       |     1 |       |       ||     1
       Banish            |       |       |       |       |       |     1 ||     1
  Use: Scroll            |       |       |    12 |    12 |     7 |       ||    31
       Potion            |       |       |       |     1 |       |     1 ||     2
 Stab: Confused          |       |       |       |    13 |    11 |     5 ||    29
       Distracted        |       |       |       |     3 |     7 |       ||    10
       Sleeping          |       |       |       |       |     1 |       ||     1
Armor: Leather armour    |    14 |    26 |    74 |       |       |       ||   114
       Steam dragon scal |       |       |       |    88 |    26 |       ||   114
       Troll leather arm |       |       |       |       |    31 |    12 ||    43
Dodge: Dodged            |    33 |    29 |    92 |   146 |   173 |    20 ||   493
Block: Buckler           |       |       |       |    30 |       |       ||    30
       Kite shield       |       |       |       |    19 |   198 |    30 ||   247
       Reflection        |       |       |       |       |       |     2 ||     2
       Rpst.: Falchion   |     9 |     8 |     2 |     1 |       |       ||    20
       Scimitar          |       |       |       |    16 |    38 |     2 ||    56

Table legend: (Time is in decaauts)
 A = Elapsed time spent in this place.
 B = Non-inter-level travel time spent in this place.
 C = Inter-level travel time spent in this place.
 D = Time resting spent in this place.
 E = Time spent auto-exploring this place.
 F = Levels seen in this place.
 G = Mean time per level.
                   A        B        C        D        E       F      G
               +--------+--------+--------+--------+--------+-----+--------+
         Total |  39342 |  34957 |   4385 |   9077 |  16826 |  26 | 1513.2 |
       Dungeon |  25934 |  22503 |   3431 |   5034 |  11543 |  15 | 1728.9 |
          Lair |  10748 |  10024 |    724 |   3691 |   4175 |   6 | 1791.3 |
         Swamp |    809 |    727 |     82 |     65 |    391 |   2 |  404.5 |
  Orcish Mines |   1835 |   1687 |    148 |    287 |    711 |   2 |  917.5 |
         Abyss |     14 |     14 |      0 |      0 |      6 |   1 |   14.0 |
               +--------+--------+--------+--------+--------+-----+--------+

Top non-repeatable levels by time:
  Lair:6: 2630 daAuts
     D:2: 2593 daAuts
     D:8: 2387 daAuts
     D:6: 2189 daAuts
     D:4: 2168 daAuts
    D:11: 2099 daAuts
    D:10: 2065 daAuts
  Lair:2: 1997 daAuts
  Lair:4: 1866 daAuts
     D:7: 1848 daAuts
     D:5: 1821 daAuts
  Lair:1: 1705 daAuts
  Lair:3: 1668 daAuts
    D:15: 1576 daAuts
     D:3: 1462 daAuts
